 Dungeon Crawl Stone Soup version 0.29-a0-973-gac7da5f7f0 (webtiles) character file.

Game seed: 7054720889881347543

346 avis the Chiller (level 6, 0/51 HPs)
             Began as a Demigod Ice Elementalist on July 31, 2022.
             Slain by an ice beast (12 damage)
             ... on level 4 of the Dungeon.
             The game lasted 00:34:12 (4467 turns).

avis the Chiller (Demigod Ice Elementalist)         Turns: 4467, Time: 00:34:12

Health: 0/51       AC: 11    Str:  9    XL:     6   Next: 10%
Magic:  11/13      EV: 14    Int: 17    God:
Gold:   5          SH:  5    Dex: 26    Spells: 4/11 levels left

rFire   . . .      SeeInvis .   a - +1 hand axe (freeze)
rCold   . . .      Faith    .   (no shield)
rNeg    . . .      Spirit   .   z - +1 robe of Claustrophobia {Dex+4 Archmagi}
rPois   .          Reflect  +   (no helmet)
rElec   .          Harm     .   (no cloak)
rCorr   .          Rampage  .   (no gloves)
Will    .....      Archmagi +   j - +0 pair of boots
Stlth   +++.......              d - amulet of reflection
HPRegen 0.17/turn               (no ring)
MPRegen 0.13/turn               (no ring)

@: ice-armoured
A: high MP 1, forlorn, divine attributes
a: no special abilities


You were on level 4 of the Dungeon.
You visited 2 branches of the dungeon, and saw 6 of its levels.

You collected 185 gold pieces.
You spent 180 gold pieces at shops.

Inventory:

Hand Weapons
 a - a +1 hand axe of freezing (weapon)
 b - a +0 sling
 w - a +0 dagger
Missiles
 s - 4 poisoned darts
Armour
 j - a +0 pair of boots (worn)
 z - the +1 robe of Claustrophobia (worn) {Dex+4 Archmagi}
   (You found it on level 3 of the Dungeon)

   Dex:       It affects your dexterity (+4).
   Archmagi:  It increases the power of your magical spells.
Jewellery
 d - an amulet of reflection (around neck)
Scrolls
 f - 2 scrolls of enchant armour {unknown}
 g - a scroll of silence {unknown}
 h - a scroll of amnesia {unknown}
 i - a scroll of fear {unknown}
 k - 3 scrolls of blinking {unknown}
 l - a scroll of poison {unknown}
 m - 2 scrolls of teleportation {unknown}
 q - 2 scrolls of identify {unknown}
 t - a scroll of butterflies {unknown}
 v - a scroll of enchant weapon {unknown}
Potions
 e - a potion of brilliance {unknown}
 n - a potion of ambrosia {unknown}
 o - 2 potions of flight {unknown}
 p - a potion of magic
 r - a potion of resistance {unknown}
 u - a potion of mutation {unknown}


   Skills:
 - Level 3.0 Fighting
 * Level 2.8 Dodging
 - Level 2.0 Stealth
 - Level 3.0 Spellcasting
 - Level 5.0 Ice Magic


You had 4 spell levels left.
You knew the following spells:

 Your Spells              Type           Power      Damage    Failure   Level
a - Freeze                Ice            100%       1d11      2%          1
o - Ozocubu's Armour      Ice            29%        N/A       7%          3
r - Frozen Ramparts       Ice            58%        1d7       7%          3

Your spell library contained the following spells:

 Spells                   Type           Power      Damage    Failure   Level
 Ensorcelled Hibernation  Hex/Ice        32%        N/A       10%         2
 Apportation              Tloc           6%         N/A       17%         1
 Necrotise                Necr           12%        1d4       17%         1
 Summon Small Mammal      Summ           12%        N/A       17%         1
 Spider Form              Tmut/Pois      3%         N/A       45%         3
 Hailstorm                Conj/Ice       16%        3d6       52%         4
 Anguish                  Hex/Necr       1%         N/A       86%         4
 Borgnjor's Revivificati  Necr           1%         N/A       100%        8
 Necromutation            Tmut/Necr      1%         N/A       100%        8
 Death's Door             Necr           1%         N/A       100%        9


Dungeon Overview and Level Annotations

Branches:
Dungeon (5/15)             Temple (1/1) D:4

Shops:
D:3 [


Innate Abilities, Weirdness & Mutations

You have an increased reservoir of magic. (+10% MP)
You shall have no god before yourself.
Your divine heritage dramatically boosts your attributes as you level up.


Message History

The ice beast misses you.
You hit the ice beast but do no damage.
The ice beast is heavily wounded.
The ice beast closely misses you.
You hit the ice beast but do no damage.
The ice beast is heavily wounded.
The ice beast hits you but does no damage.
You hit the ice beast but do no damage.
The ice beast is heavily wounded.
The ice beast misses you.
You hit the ice beast but do no damage.
You punch the ice beast, but do no damage.
The ice beast is heavily wounded.
The ice beast misses you.
You hit the ice beast.
The ice beast is heavily wounded.
The ice beast hits you. The ice beast freezes you!
* * * LOW HITPOINT WARNING * * *
You feel better. The ice beast hits you. The ice beast freezes you.
* * * LOW HITPOINT WARNING * * *
Your +1 hand axe of freezing glows with a cold blue light!
a - a +1 hand axe of freezing (weapon)
You barely miss the ice beast.
The ice beast is heavily wounded.
The ice beast hits you but does no damage. x2
You hit the ice beast.
The ice beast is severely wounded.
The ice beast misses you.
You slash the ice beast!
The ice beast is almost dead.
The ice beast hits you but does no damage.
You hit the ice beast.
The ice beast is almost dead.
The ice beast closely misses you.
You closely miss the ice beast.
The ice beast is almost dead.
The ice beast hits you.
* * * LOW HITPOINT WARNING * * *
The ice beast freezes you!
You die...

##.).##
....#.#
##.....##
#. #.#...#
#.......#
..##?#.?.##
#.........#
.#.......
+.........+
..#....
#.........#
.....
##.......##
# #.#Y#
##.....##
#.##.#@#
##...##
#......#
##+##
####.###
#.# #.# #.#
#.#
###.#####.#
#..........


You could see an ice beast.

Vanquished Creatures
  2 scorpions
  A hound (D:4)
  3 orc priests
  3 adders
  A dart slug (D:2)
  12 orcs
  4 endoplasms
  A giant cockroach (D:4)
  5 goblins
  8 hobgoblins
  7 jackals
  3 kobolds
  3 quokkas
  3 ball pythons
  4 bats
  A frilled lizard (D:2)
  4 rats
65 creatures vanquished.

Notes
Turn   | Place    | Note
-------+----------+-------------------------------------------
     0 | D:1      | avis the Demigod Ice Elementalist began the quest for the
                  | Orb.
     0 | D:1      | Reached XP level 1. HP: 14/14 MP: 5/5
   266 | D:1      | Reached skill level 1 in Fighting
  1043 | D:2      | Reached XP level 2. HP: 21/23 MP: 2/7
  1798 | D:2      | Reached XP level 3. HP: 29/29 MP: 5/8
  1806 | D:2      | Learned a level 3 spell: Ozocubu's Armour
  2407 | D:3      | Learned a level 3 spell: Frozen Ramparts
  2424 | D:3      | Reached XP level 4. HP: 17/36 MP: 0/11
  2947 | D:3      | Found Hauro's Antique Armour Boutique.
  2958 | D:3      | Bought a glowing leather armour for 95 gold pieces
  2977 | D:3      | Bought a pair of boots for 85 gold pieces
  3150 | D:3      | Reached skill level 4 in Ice Magic
  3281 | D:3      | Identified the +1 robe of Claustrophobia {Dex+4 Archmagi}
  3957 | D:4      | You fall into a shaft and drop 1 floor!
  3957 | D:5      | Entered Level 5 of the Dungeon
  3973 | D:5      | Reached skill level 5 in Ice Magic
  3973 | D:5      | Reached XP level 5. HP: 41/41 MP: 3/12
  4138 | D:4      | Found a staircase to the Ecumenical Temple.
  4159 | Temple   | Entered the Ecumenical Temple
  4372 | D:4      | Reached XP level 6. HP: 51/51 MP: 6/13
  4467 | D:4      | Slain by an ice beast

Illustrated notes

Levels and vault maps discovered:
D:1:      scummos_arrival_simple_crosswalls, layout_basic,
          chequers_ecumenical_altar_grove
D:2:      layout_basic
D:3:      layout_basic, serial_shops, nicolae_shop_advertising_works
          [nicolae_subvault_shop_adworks], minmay_misc_feat_ornament
D:4:      layout_loops_corners, mainiacjoe_overflow_chevrons,
          minmay_temple_entry_gardened_gates, serial_rivers,
          chequers_serial_rivers_room_a, chequers_serial_rivers_marsh,
          chequers_serial_rivers_micro_a, chequers_serial_rivers_marsh,
          minmay_quadrilaterals, uniq_eustachio
D:5:      layout_rooms, gammafunk_temple_overflow_claw
Temple:   nicolae_temple_hex_pool

Skill      XL: |  1  2  3  4  5 |
---------------+----------------+-----
Fighting       | 1 2 3 |  3.0
Spellcasting   | 2 3 |  3.0
Dodging        | 2 |  2.8
Stealth        | 2 |  2.0
Ice Magic      | 5 |  5.0

Action                   |  1- 3 |  4- 6 || total
-------------------------+-------+-------++-------
Melee: Battleaxe         |     1 |       ||     1
       Short sword       |     7 |       ||     7
       Dagger            |     1 |    13 ||    14
       Hand axe          |       |    18 ||    18
       Punch             |       |     1 ||     1
 Fire: Sling             |       |    17 ||    17
 Cast: Freeze            |    41 |    16 ||    57
       Frozen Ramparts   |     2 |    10 ||    12
       Ozocubu's Armour  |     1 |     9 ||    10
  Use: Potion            |     1 |     1 ||     2
 Stab: Sleeping          |     6 |     2 ||     8
Armor: Robe              |     6 |    17 ||    23
       Leather armour    |       |     1 ||     1
Dodge: Dodged            |    12 |    28 ||    40
Block: Other             |     8 |    12 ||    20

Table legend: (Time is in decaauts)
 A = Elapsed time spent in this place.
 B = Non-inter-level travel time spent in this place.
 C = Inter-level travel time spent in this place.
 D = Time resting spent in this place.
 E = Time spent auto-exploring this place.
 F = Levels seen in this place.
 G = Mean time per level.
                   A        B        C        D        E       F      G
               +--------+--------+--------+--------+--------+-----+--------+
         Total |   4468 |   3472 |    996 |   1409 |   1158 |   6 |  744.7 |
       Dungeon |   4461 |   3465 |    996 |   1409 |   1158 |   5 |  892.2 |
        Temple |      7 |      7 |      0 |      0 |      0 |   1 |    7.0 |
               +--------+--------+--------+--------+--------+-----+--------+

Top non-repeatable levels by time:
     D:3: 1686 daAuts
     D:2: 1174 daAuts
     D:1: 1029 daAuts
     D:4: 482 daAuts
     D:5: 88 daAuts
  Temple: 7 daAuts
